 Dungeon Crawl Stone Soup version 0.29.0-4-gdea44cf6ec (webtiles) character file.

Game seed: 8639116041880930439

12738 qw the Cleaver (level 11, -3/64 HPs)
             Began as a Tengu Warper on Aug 28, 2022.
             Was a High Priest of Okawaru.
             Slain by a catoblepas (17 damage)
             ... on level 1 of the Lair of Beasts.
             The game lasted 00:01:46 (14343 turns).

qw the Cleaver (Tengu Warper)                      Turns: 14343, Time: 00:01:47

Health: -3/64      AC: 33    Str: 16    XL:     11   Next: 98%
Magic:  10/17      EV:  7    Int: 14    God:    Okawaru [*****.]
Gold:   869        SH: 11    Dex:  9    Spells: 14/14 levels left

rFire   . . .      SeeInvis .   q - +0 broad axe (protect)
rCold   . . .      Faith    .   k - +0 kite shield
rNeg    . . .      Spirit   .   l - +0 plate armour
rPois   +          Reflect  .   (helmet restricted)
rElec   +          Harm     .   t - +2 cloak
rCorr   +          Rampage  .   h - +2 pair of gloves
Will    .....                   (boots unavailable)
Stlth   ..........              (no amulet)
HPRegen 0.20/turn               b - ring of Autumn {rElec rCorr AC+4 Dex-4 Stlth+}
MPRegen 0.15/turn               d - ring of poison resistance

@: heroic, finesse-ful, under a protective aura, flying quickly and evasively,
quick
A: beak, talons 3, nimble flight
a: Renounce Religion, Heroism, Finesse, Duel


You were on level 1 of the Lair of Beasts.
You worshipped Okawaru.
Okawaru was extremely pleased with you.
You visited 3 branches of the dungeon, and saw 11 of its levels.
You also visited: Ossuary.

You collected 869 gold pieces.


Innate Abilities, Weirdness & Mutations

You have a beak for a mouth.
You have claws for feet.
Your magical nature lets you fly swiftly and evasively.


   Skills:
 - Level 6.2(11.2) Fighting
 - Level 13.0(18.0) Axes
 - Level 3.0(8.0) Throwing
 + Level 6.6(11.6) Armour
 - Level 2.1(7.1) Dodging
 - Level 8.0(13.0) Shields
 - Level 2.0 Spellcasting
 - Level 2.4 Translocations
 + Level 7.8 Invocations


You had 14 spell levels left.
You didn't know any spells.
Your spell library contained the following spells:

 Spells                   Type           Power      Damage    Failure   Level
 Blink                    Tloc           16%        N/A       100%        2
 Gell's Gravitas          Tloc           8%         N/A       100%        3
 Lesser Beckoning         Tloc           8%         N/A       100%        3
 Teleport Other           Tloc           8%         N/A       100%        3
 Manifold Assault         Tloc           8%         N/A       100%        5

Inventory:

Hand Weapons
 m - a +0 demon whip of venom
 q - a +0 broad axe of protection (weapon)
Missiles
 e - 6 boomerangs (quivered)
 r - a javelin
Armour
 h - a +2 pair of gloves (worn)
 k - a +0 kite shield (worn)
 l - a +0 plate armour (worn)
 t - a +2 cloak (worn)
Jewellery
 b - the ring of Autumn (left hand) {rElec rCorr AC+4 Dex-4 Stlth+}
   (You found it on level 2 of the Dungeon)

   [ring of protection]

   AC:        It affects your AC (+4).
   Dex:       It affects your dexterity (-4).
   rElec:     It insulates you from electricity.
   rCorr:     It protects you from acid and corrosion.
   Stlth:     It makes you more stealthy.
 d - a ring of poison resistance (right hand)
 n - a ring of protection from cold
 p - a ring of resist corrosion
 s - a ring of ice
Scrolls
 a - 9 scrolls of identify
Potions
 c - a potion of cancellation
 f - a potion of might {unknown}
 i - 9 potions of curing
 j - 3 potions of mutation

Dungeon Overview and Level Annotations

Branches:
Dungeon (9/15)             Temple (1/1) D:6            Lair (1/5) D:9
    Orc (0/2) D:9         Ossuary (visited)

Altars:
Ashenzari
Cheibriados
Dithmenos
Elyvilon
Fedhas
Gozag
Hepliaklqana
Kikubaaqudgha
Makhleb
Nemelex Xobeh
Okawaru
Qazlal
Ru
Sif Muna
Trog
Uskayaw
Vehumet
Wu Jian
Xom
Yredelemnul
Zin
The Shining One

Annotations:
D:5 1 runed translucent door, Crazy Yiuf


Message History

The cane toad stings you but does no damage.
You slash the cane toad!
You kill the cane toad!
Okawaru accepts your kill.
You feel sick.
Your life force feels restored.
You start resting.
You feel like a meek peon again.
You feel sick. x4
You are no longer poisoned.
A hell rat is nearby!
14284 ||| Stepping ~*~*~tactically~*~*~ (stealth).
Items here: %%%%%.
14285 ||| Stepping ~*~*~tactically~*~*~ (stealth).
Found a scroll of enchant armour.
You start resting.
A catoblepas is nearby!
14335 ||| INVOKING Heroism.
You gain the combat prowess of a mighty hero.
14336 ||| INVOKING Finesse.
You can now deal lightning-fast blows.
The catoblepas gores you!
There is a stone staircase leading down, spattered with blood here.
You slash the catoblepas!
Your weapon exudes an aura of protection.
You claw the catoblepas, but do no damage.
The catoblepas is lightly wounded.
You hit the catoblepas. You claw the catoblepas.
The catoblepas is lightly wounded.
You hit the catoblepas but do no damage.
The catoblepas is lightly wounded.
You block the catoblepas's attack.
You hit the catoblepas. Your kick misses the catoblepas.
The catoblepas is moderately wounded.
You slice the catoblepas!!
You claw the catoblepas, but do no damage.
You peck the catoblepas, but do no damage.
The catoblepas is heavily wounded.
The catoblepas gores you!
You die...

#......?#...r......#.
...8.#.+...8...##...
....#.#...r...+....
.....#...#.#.#....
...###.....##....
##+.##...###.......
##...##..###........
#....%...#...#......
#8.@.8%.....###.....
#.Y...#...### #.....
#..8.###..### #P....
..######.....# ###...
... ##....## ###.
~~~. ##....# ~~..
##...# ~.. #...###
###...#


You could see a catoblepas.

Vanquished Creatures
  A death yak (Lair:1)
  2 two-headed ogres
  Amaemon (Lair:1)
  A cyclops (D:9)
  An elephant (Lair:1)
  A black mamba (Lair:1)
  2 cane toads (Lair:1)
  An orange demon (Lair:1)
  3 komodo dragons
  A troll (D:9)
  Grinder (D:5)
  Prince Ribbit (D:8)
  A hornet (D:9)
  A spriggan (Lair:1)
  2 yaks (D:9)
  A wyvern (Lair:1)
  2 wraiths
  2 steam dragons (D:9)
  Edmund (D:5)
  4 water moccasins
  2 floating eyes (D:9)
  2 sky beasts
  5 orc warriors (D:9)
  An ice beast (D:8)
  A black bear (D:5)
  3 centaurs (D:9)
  An ogre (D:4)
  8 kobold brigands
  8 bullfrogs
  A necrophage (D:6)
  9 gnoll sergeants
  16 killer bees
  5 howler monkeys
  A human zombie (Ossuary)
  4 jellies
  2 hounds
  6 orc priests
  3 iron imps (D:7)
  6 iguanas
  9 orc wizards
  4 hell rats (Lair:1)
  3 mummies (Ossuary)
  10 adders
  11 gnolls
  An ufetubus (D:7)
  2 worm zombies (D:8)
  6 dart slugs
  2 worms
  37 orcs
  5 endoplasms
  3 giant cockroaches
  13 goblins
  12 hobgoblins
  4 jackals (D:3)
  32 kobolds
  5 quokkas
  5 ball pythons
  3 bats
  5 frilled lizards (D:1)
  5 goblin zombies (Ossuary)
  5 hobgoblin zombies (Ossuary)
  A kobold zombie (Ossuary)
  7 rats
304 creatures vanquished.

Vanquished Creatures (others)
  3 fungi
  30 plants
33 creatures vanquished.

Grand Total: 337 creatures vanquished

Notes
Turn   | Place    | Note
-------+----------+-------------------------------------------
     0 | D:1      | qw the Tengu Warper began the quest for the Orb.
     0 | D:1      | Reached XP level 1. HP: 12/12 MP: 4/4
     0 | D:1      | 0 ||| qw: Version: 0.1-a-89-g26bdef1
     0 | D:1      | 0 ||| qw: Game counter: 388
     0 | D:1      | 0 ||| qw: Always use a shield: true
     0 | D:1      | 0 ||| qw: God list: Okawaru
     0 | D:1      | 0 ||| qw: Allow faded altars: false
     0 | D:1      | 0 ||| qw: Do Orc after D:15 true
     0 | D:1      | 0 ||| qw: Do second Lair branch before Depths: true
     0 | D:1      | 0 ||| qw: Lair rune preference: random
     0 | D:1      | 0 ||| qw: Plans: Normal
     0 | D:1      | 0 ||| PLANNING D:1-11
   114 | D:1      | HP: 1/12 [kobold/+0 short sword (3)]
   115 | D:1      | Reached skill level 3 in Axes
   115 | D:1      | Reached XP level 2. HP: 2/17 MP: 6/6
   629 | D:1      | Found a faded altar of an unknown god.
   888 | D:1      | 888 ||| Stepping ~*~*~tactically~*~*~ (stealth).
   890 | D:1      | 890 ||| Stepping ~*~*~tactically~*~*~ (hiding).
   902 | D:1      | Reached XP level 3. HP: 18/21 MP: 7/7
  1079 | D:1      | 1079 ||| DROPPING +0 club.
  1101 | D:1      | 1101 ||| Stepping ~*~*~tactically~*~*~ (stealth).
  1110 | D:1      | 1110 ||| Stepping ~*~*~tactically~*~*~ (stealth).
  1119 | D:1      | 1119 ||| Stepping ~*~*~tactically~*~*~ (stealth).
  1127 | D:1      | Reached skill level 4 in Axes
  1196 | D:1      | 1196 ||| UPGRADING to +0 ring mail.
  1206 | D:1      | 1206 ||| DROPPING +0 leather armour.
  1207 | D:1      | 1207 ||| READING 2 scrolls labelled BEQ KASAHIESU.
  1208 | D:1      | 1208 ||| READING scroll labelled LUNNYSTR IVACK.
  1209 | D:1      | 1209 ||| DROPPING scroll of blinking.
  1295 | D:2      | Identified the ring of Autumn {rElec rCorr AC+4 Dex-4
                  | Stlth+}
  1335 | D:2      | 1335 ||| Stepping ~*~*~tactically~*~*~ (stealth).
  1341 | D:2      | 1341 ||| Stepping ~*~*~tactically~*~*~ (stealth).
  1427 | D:2      | 1427 ||| Stepping ~*~*~tactically~*~*~ (stealth).
  1435 | D:2      | Reached XP level 4. HP: 26/26 MP: 8/8
  1483 | D:2      | Found a shadowy altar of Dithmenos.
  1615 | D:2      | Reached skill level 5 in Axes
  1736 | D:2      | 1736 ||| DROPPING +0 robe of positive energy.
  1737 | D:2      | 1737 ||| UPGRADING to amulet of guardian spirit.
  1742 | D:2      | 1742 ||| UPGRADING to ring of Autumn {rElec rCorr AC+4
                  | Dex-4 Stlth+}.
  1743 | D:2      | 1743 ||| READING scroll labelled MINILE FIODGH.
  1744 | D:2      | 1744 ||| READING scroll labelled ATUNUH CAAXUHE.
  1747 | D:2      | 1747 ||| READING scroll labelled RAURAR JIGGAG.
  1748 | D:2      | 1748 ||| DRINKING 2 sedimented black potions.
  1749 | D:2      | 1749 ||| DRINKING 2 smoky dark potions.
  1750 | D:2      | 1750 ||| DROPPING potion of flight.
  2069 | D:3      | Gained mutation: Your magical nature lets you fly swiftly
                  | and evasively. [Tengu growth]
  2069 | D:3      | Reached XP level 5. HP: 27/30 MP: 7/9
  2153 | D:3      | 2153 ||| DROPPING +0 whip.
  2210 | D:3      | 2210 ||| Stepping ~*~*~tactically~*~*~ (stealth).
  2212 | D:3      | 2212 ||| Stepping ~*~*~tactically~*~*~ (stealth).
  2215 | D:3      | 2215 ||| Stepping ~*~*~tactically~*~*~ (stealth).
  2217 | D:3      | 2217 ||| Stepping ~*~*~tactically~*~*~ (stealth).
  2222 | D:3      | 2222 ||| Stepping ~*~*~tactically~*~*~ (stealth).
  2250 | D:3      | Found a shadowy altar of Dithmenos.
  2255 | D:3      | Reached skill level 6 in Axes
  2444 | D:3      | Found a hide-covered altar of Uskayaw.
  2655 | D:3      | 2655 ||| Stepping ~*~*~tactically~*~*~ (hiding).
  2757 | D:3      | 2757 ||| Stepping ~*~*~tactically~*~*~ (hiding).
  2859 | D:3      | 2859 ||| Stepping ~*~*~tactically~*~*~ (hiding).
  2969 | D:3      | Identified the +6 war axe of Kempimmi {vorpal, rN+}
  2971 | D:3      | 2971 ||| SWAPPING to +6 war axe of Kempimmi {vorpal, rN+}.
  2972 | D:3      | 2972 ||| DROPPING +0 hand axe.
  3367 | D:3      | 3367 ||| UPGRADING to +0 chain mail.
  3377 | D:3      | 3377 ||| DROPPING +0 ring mail.
  3378 | D:3      | 3378 ||| DRINKING 2 metallic brown potions.
  3379 | D:3      | 3379 ||| READING 5 scrolls of identify.
  3379 | D:3      | 3379 ||| IDENTIFYING silvery potion
  3380 | D:3      | 3380 ||| READING 4 scrolls of identify.
  3380 | D:3      | 3380 ||| IDENTIFYING purple potion
  3381 | D:3      | 3381 ||| DROPPING potion of brilliance.
  3446 | D:4      | 3446 ||| Stepping ~*~*~tactically~*~*~ (stealth).
  3449 | D:4      | Found a sacrificial altar of Ru.
  3454 | D:4      | Found a bloodstained altar of Trog.
  3521 | D:4      | Found a hazy altar of Hepliaklqana.
  3524 | D:4      | 3524 ||| Stepping ~*~*~tactically~*~*~ (stealth).
  3532 | D:4      | Reached XP level 6. HP: 31/35 MP: 7/10
  3570 | D:4      | 3570 ||| Stepping ~*~*~tactically~*~*~ (stealth).
  3585 | D:4      | 3585 ||| Stepping ~*~*~tactically~*~*~ (hiding).
  3587 | D:4      | 3587 ||| Stepping ~*~*~tactically~*~*~ (hiding).
  3758 | D:4      | 3758 ||| Stepping ~*~*~tactically~*~*~ (hiding).
  3759 | D:4      | 3759 ||| Stepping ~*~*~tactically~*~*~ (hiding).
  3766 | D:4      | Reached skill level 7 in Axes
  4069 | D:4      | Reached skill level 3 in Fighting
  4204 | D:4      | Found a basalt altar of Yredelemnul.
  4280 | D:4      | Reached XP level 7. HP: 41/41 MP: 11/11
  4344 | D:4      | 4344 ||| Stepping ~*~*~tactically~*~*~ (stealth).
  4345 | D:4      | 4345 ||| UPGRADING to ring of poison resistance.
  4346 | D:4      | 4346 ||| Stepping ~*~*~tactically~*~*~ (stealth).
  4382 | D:5      | Entered Level 5 of the Dungeon
  4495 | D:5      | Noticed Grinder
  4496 | D:5      | 4496 ||| Stepping ~*~*~tactically~*~*~ (hiding).
  4499 | D:5      | 4499 ||| Stepping ~*~*~tactically~*~*~ (hiding).
  4505 | D:5      | 4505 ||| Stepping ~*~*~tactically~*~*~ (hiding).
  4514 | D:5      | 4514 ||| FLEEEEING.
  4517 | D:5      | 4517 ||| FLEEEEING.
  4518 | D:5      | 4518 ||| FLEEEEING.
  4519 | D:5      | 4519 ||| FLEEEEING.
  4527 | D:5      | 4527 ||| FLEEEEING.
  4528 | D:5      | 4528 ||| FLEEEEING.
  4529 | D:5      | 4529 ||| FLEEEEING.
  4530 | D:5      | 4530 ||| FLEEEEING.
  4531 | D:5      | 4531 ||| FLEEEEING.
  4532 | D:5      | 4532 ||| FLEEEEING.
  4533 | D:5      | 4533 ||| FLEEEEING.
  4534 | D:5      | 4534 ||| FLEEEEING.
  4535 | D:5      | 4535 ||| FLEEEEING.
  4536 | D:5      | 4536 ||| FLEEEEING.
  4537 | D:5      | 4537 ||| FLEEEEING.
  4538 | D:5      | 4538 ||| FLEEEEING.
  4549 | D:5      | 4549 ||| FLEEEEING.
  4560 | D:5      | 4560 ||| FLEEEEING.
  4561 | D:5      | 4561 ||| STAIRDANCE
  4594 | D:4      | 4594 ||| READING 3 scrolls labelled ITOMEV CAXUQOPT.
  4595 | D:4      | 4595 ||| READING scroll labelled RIULASTR OSHUI.
  4596 | D:4      | 4596 ||| READING 4 scrolls of identify.
  4596 | D:4      | 4596 ||| IDENTIFYING bubbling puce potion
  4597 | D:4      | 4597 ||| DROPPING 2 scrolls of immolation.
  4704 | D:5      | 4704 ||| Stepping ~*~*~tactically~*~*~ (hiding).
  4705 | D:5      | 4705 ||| Stepping ~*~*~tactically~*~*~ (hiding).
  4717 | D:5      | 4717 ||| Stepping ~*~*~tactically~*~*~ (hiding).
  4718 | D:5      | 4718 ||| Stepping ~*~*~tactically~*~*~ (hiding).
  4723 | D:5      | Paralysed by Grinder for 3 turns
  4732 | D:5      | Killed Grinder
  4733 | D:5      | Reached skill level 8 in Axes
  4971 | D:5      | Noticed Edmund
  4984 | D:5      | HP: 10/41 [Edmund/+3 vorpal flail (1)]
  4985 | D:5      | 4985 ||| DRINKING potion of heal wounds.
  4986 | D:5      | Killed Edmund
  4987 | D:5      | Reached skill level 9 in Axes
  4987 | D:5      | Reached XP level 8. HP: 38/46 MP: 3/12
  5056 | D:5      | 5056 ||| DROPPING +1 whip of venom.
  5350 | D:5      | Reached skill level 3 in Armour
  5366 | D:5      | Found a stormy altar of Qazlal.
  5384 | D:5      | 5384 ||| Stepping ~*~*~tactically~*~*~ (stealth).
  5517 | D:5      | Found a runed translucent door.
  5518 | D:5      | Noticed Crazy Yiuf
  5617 | D:5      | 5617 ||| DROPPING ring of magical power.
  5618 | D:5      | 5618 ||| READING 3 scrolls labelled ITETAP KECUNN.
  5619 | D:5      | 5619 ||| READING 6 scrolls of identify.
  5619 | D:5      | 5619 ||| IDENTIFYING cyan potion
  5620 | D:5      | 5620 ||| DROPPING potion of lignification.
  5742 | D:6      | 5742 ||| Stepping ~*~*~tactically~*~*~ (stealth).
  5758 | D:6      | 5758 ||| FLEEEEING.
  5759 | D:6      | 5759 ||| FLEEEEING.
  5760 | D:6      | 5760 ||| FLEEEEING.
  5761 | D:6      | 5761 ||| FLEEEEING.
  5762 | D:6      | 5762 ||| FLEEEEING.
  5763 | D:6      | 5763 ||| FLEEEEING.
  5764 | D:6      | 5764 ||| FLEEEEING.
  5765 | D:6      | 5765 ||| FLEEEEING.
  5766 | D:6      | 5766 ||| FLEEEEING.
  5767 | D:6      | 5767 ||| FLEEEEING.
  5768 | D:6      | 5768 ||| FLEEEEING.
  5769 | D:6      | 5769 ||| FLEEEEING.
  5770 | D:6      | 5770 ||| FLEEEEING.
  5771 | D:6      | 5771 ||| FLEEEEING.
  5772 | D:6      | 5772 ||| FLEEEEING.
  5774 | D:6      | 5774 ||| FLEEEEING.
  5775 | D:6      | 5775 ||| FLEEEEING.
  5776 | D:6      | 5776 ||| FLEEEEING.
  5777 | D:6      | 5777 ||| FLEEEEING.
  5778 | D:6      | 5778 ||| FLEEEEING.
  5779 | D:6      | 5779 ||| FLEEEEING.
  5780 | D:6      | 5780 ||| FLEEEEING.
  5781 | D:6      | 5781 ||| FLEEEEING.
  5783 | D:6      | 5783 ||| FLEEEEING.
  5784 | D:6      | 5784 ||| FLEEEEING.
  5785 | D:6      | 5785 ||| FLEEEEING.
  5786 | D:6      | 5786 ||| FLEEEEING.
  5787 | D:6      | 5787 ||| FLEEEEING.
  5788 | D:6      | 5788 ||| FLEEEEING.
  5804 | D:6      | 5804 ||| FLEEEEING.
  5805 | D:6      | 5805 ||| FLEEEEING.
  5809 | D:6      | 5809 ||| STAIRDANCE
  5934 | D:5      | 5934 ||| READING 5 scrolls of identify.
  5934 | D:5      | 5934 ||| IDENTIFYING fuming clear potion
  5935 | D:5      | 5935 ||| DROPPING potion of berserk rage.
  6025 | D:6      | 6025 ||| Stepping ~*~*~tactically~*~*~ (hiding).
  6026 | D:6      | 6026 ||| Stepping ~*~*~tactically~*~*~ (hiding).
  6027 | D:6      | 6027 ||| FLEEEEING.
  6028 | D:6      | 6028 ||| FLEEEEING.
  6029 | D:6      | 6029 ||| FLEEEEING.
  6030 | D:6      | 6030 ||| FLEEEEING.
  6031 | D:6      | 6031 ||| FLEEEEING.
  6032 | D:6      | 6032 ||| FLEEEEING.
  6033 | D:6      | 6033 ||| FLEEEEING.
  6034 | D:6      | 6034 ||| FLEEEEING.
  6035 | D:6      | 6035 ||| FLEEEEING.
  6036 | D:6      | 6036 ||| FLEEEEING.
  6037 | D:6      | 6037 ||| FLEEEEING.
  6038 | D:6      | 6038 ||| FLEEEEING.
  6039 | D:6      | 6039 ||| FLEEEEING.
  6040 | D:6      | 6040 ||| FLEEEEING.
  6041 | D:6      | 6041 ||| FLEEEEING.
  6042 | D:6      | 6042 ||| FLEEEEING.
  6043 | D:6      | 6043 ||| FLEEEEING.
  6044 | D:6      | 6044 ||| FLEEEEING.
  6045 | D:6      | 6045 ||| FLEEEEING.
  6046 | D:6      | 6046 ||| FLEEEEING.
  6051 | D:6      | 6051 ||| FLEEEEING.
  6052 | D:6      | 6052 ||| FLEEEEING.
  6053 | D:6      | 6053 ||| STAIRDANCE
  6273 | D:6      | 6273 ||| STAIRDANCE
  6411 | D:6      | 6411 ||| STAIRDANCE
  6634 | D:6      | 6634 ||| STAIRDANCE
  6639 | D:5      | Reached skill level 10 in Axes
  6761 | D:6      | 6761 ||| STAIRDANCE
  6916 | D:6      | 6916 ||| STAIRDANCE
  7287 | D:6      | Found a staircase to the Ecumenical Temple.
  7288 | D:6      | 7288 ||| PLANNING TEMPLE
  7294 | Temple   | Entered the Ecumenical Temple
  7321 | Temple   | Became a worshipper of Warmaster Okawaru
  7322 | Temple   | 7322 ||| REMOVING amulet of guardian spirit.
  7327 | Temple   | 7327 ||| DROPPING amulet of guardian spirit.
  7328 | Temple   | 7328 ||| PLANNING D:1-11
  7570 | D:6      | Found a radiant altar of Vehumet.
  7892 | D:6      | 7892 ||| UPGRADING to +0 kite shield.
  7936 | D:7      | Found a shimmering altar of Xom.
  7976 | D:7      | Reached XP level 9. HP: 50/54 MP: 13/13
  8338 | D:7      | Reached * piety under Okawaru
  8339 | D:7      | Reached skill level 3 in Shields
  8542 | D:7      | Found a burning altar of Makhleb.
  8592 | D:7      | 8592 ||| UPGRADING to +1 pair of gloves.
  8597 | D:7      | 8597 ||| DRINKING 2 sedimented grey potions.
  8698 | D:7      | 8698 ||| DROPPING potion of ambrosia.
  8726 | D:8      | Noticed a two-headed ogre
  8727 | D:8      | 8727 ||| PLANNING OSSUARY
  8727 | D:8      | 8727 ||| INVOKING Heroism.
  8728 | D:8      | 8728 ||| STAIRDANCE
  8735 | D:7      | Killed a two-headed ogre
  8736 | D:7      | Reached skill level 3 in Invocations
  8775 | D:8      | 8775 ||| Stepping ~*~*~tactically~*~*~ (stealth).
  8777 | D:8      | 8777 ||| INVOKING Heroism.
  8787 | D:8      | Reached ** piety under Okawaru
  8791 | D:8      | 8791 ||| Stepping ~*~*~tactically~*~*~ (stealth).
  8806 | D:8      | 8806 ||| Stepping ~*~*~tactically~*~*~ (stealth).
  8808 | D:8      | 8808 ||| Stepping ~*~*~tactically~*~*~ (stealth).
  8842 | D:8      | Found a sand-covered staircase.
  8850 | Ossuary  | Entered an ossuary
  9348 | Ossuary  | 9348 ||| READING scroll labelled NOHAOT YW LUET.
  9349 | Ossuary  | 9349 ||| READING 11 scrolls of identify.
  9349 | Ossuary  | 9349 ||| IDENTIFYING bubbling yellow potion
  9350 | Ossuary  | 9350 ||| DROPPING potion of attraction.
  9381 | D:8      | 9381 ||| PLANNING D:1-11
  9408 | D:8      | 9408 ||| Stepping ~*~*~tactically~*~*~ (stealth).
  9409 | D:8      | 9409 ||| Stepping ~*~*~tactically~*~*~ (stealth).
  9409 | D:8      | Noticed Prince Ribbit
  9410 | D:8      | 9410 ||| INVOKING Heroism.
  9416 | D:8      | Reached skill level 6 in Shields
  9427 | D:8      | HP: 13/54 [gnoll/+0 spear[a gnoll sergeant] (7)]
  9428 | D:8      | Reached XP level 10. HP: 14/59 MP: 14/14
  9428 | D:8      | 9428 ||| READING 6 scrolls of teleportation.
  9429 | D:8      | 9429 ||| DRINKING 2 potions of heal wounds.
  9432 | D:8      | HP: 12/59 [Prince Ribbit (6)]
  9433 | D:8      | 9433 ||| DRINKING potion of heal wounds.
  9565 | D:8      | 9565 ||| INVOKING Heroism.
  9632 | D:8      | 9632 ||| Stepping ~*~*~tactically~*~*~ (stealth).
  9634 | D:8      | 9634 ||| INVOKING Heroism.
  9649 | D:8      | 9649 ||| Stepping ~*~*~tactically~*~*~ (stealth).
  9676 | D:8      | 9676 ||| FLEEEEING.
  9681 | D:8      | 9681 ||| STAIRDANCE
  9801 | D:8      | Killed Prince Ribbit
  9802 | D:8      | Reached skill level 11 in Axes
  9964 | D:8      | Found an opulent altar of Gozag.
 10007 | D:8      | Found a snail-covered altar of Cheibriados.
 10008 | D:8      | 10008 ||| UPGRADING to +2 cloak.
 10013 | D:8      | 10013 ||| READING scroll labelled JOTYKE QOUDDEQO.
 10034 | D:8      | 10034 ||| READING scroll labelled FEWNATZ XEPAGA.
 10035 | D:8      | 10035 ||| READING 10 scrolls of identify.
 10035 | D:8      | 10035 ||| IDENTIFYING fuming amethyst potion
 10036 | D:8      | 10036 ||| DROPPING potion of degeneration.
 10037 | D:8      | 10037 ||| READING 5 scrolls of teleportation.
 10130 | D:8      | 10130 ||| READING 4 scrolls of teleportation.
 10232 | D:8      | 10232 ||| READING 3 scrolls of teleportation.
 10328 | D:9      | 10328 ||| READING scroll of enchant armour.
 10328 | D:9      | 10328 ||| ENCHANTING +1 pair of gloves.
 10366 | D:9      | Found a blossoming altar of Fedhas.
 10399 | D:9      | 10399 ||| INVOKING Heroism.
 10406 | D:9      | 10406 ||| Stepping ~*~*~tactically~*~*~ (cloud).
 10575 | D:9      | 10575 ||| INVOKING Heroism.
 10593 | D:9      | 10593 ||| Stepping ~*~*~tactically~*~*~ (stealth).
 10594 | D:9      | 10594 ||| Stepping ~*~*~tactically~*~*~ (stealth).
 10600 | D:9      | 10600 ||| Stepping ~*~*~tactically~*~*~ (stealth).
 10614 | D:9      | 10614 ||| FLEEEEING.
 10615 | D:9      | 10615 ||| FLEEEEING.
 10616 | D:9      | 10616 ||| FLEEEEING.
 10617 | D:9      | 10617 ||| FLEEEEING.
 10618 | D:9      | 10618 ||| FLEEEEING.
 10620 | D:9      | 10620 ||| FLEEEEING.
 10621 | D:9      | 10621 ||| FLEEEEING.
 10623 | D:9      | 10623 ||| FLEEEEING.
 10624 | D:9      | 10624 ||| FLEEEEING.
 10625 | D:9      | 10625 ||| FLEEEEING.
 10626 | D:9      | 10626 ||| FLEEEEING.
 10627 | D:9      | 10627 ||| FLEEEEING.
 10628 | D:9      | 10628 ||| FLEEEEING.
 10629 | D:9      | 10629 ||| FLEEEEING.
 10651 | D:9      | Reached *** piety under Okawaru
 10674 | D:9      | 10674 ||| INVOKING Heroism.
 10678 | D:9      | Noticed a two-headed ogre
 10682 | D:9      | 10682 ||| Stepping ~*~*~tactically~*~*~ (stealth).
 10690 | D:9      | 10690 ||| Stepping ~*~*~tactically~*~*~ (stealth).
 10692 | D:9      | Killed a two-headed ogre
 10719 | D:9      | 10719 ||| FLEEEEING.
 10728 | D:9      | 10728 ||| STAIRDANCE
 10862 | D:9      | 10862 ||| INVOKING Heroism.
 10865 | D:9      | Reached skill level 12 in Axes
 10902 | D:9      | 10902 ||| FLEEEEING.
 10903 | D:9      | 10903 ||| FLEEEEING.
 10904 | D:9      | 10904 ||| FLEEEEING.
 10905 | D:9      | 10905 ||| FLEEEEING.
 10906 | D:9      | 10906 ||| FLEEEEING.
 10907 | D:9      | 10907 ||| FLEEEEING.
 10910 | D:9      | 10910 ||| STAIRDANCE
 10987 | D:9      | Paralysed by a floating eye for 2 turns
 11002 | D:9      | Noticed a cyclops
 11003 | D:9      | 11003 ||| FLEEEEING.
 11020 | D:9      | 11020 ||| FLEEEEING.
 11021 | D:9      | 11021 ||| STAIRDANCE
 11194 | D:9      | 11194 ||| INVOKING Heroism.
 11205 | D:9      | Killed a cyclops
 11206 | D:9      | Reached skill level 6 in Fighting
 11237 | D:9      | 11237 ||| SWAPPING to +0 broad axe.
 11238 | D:9      | 11238 ||| DROPPING +6 war axe of Kempimmi {vorpal, rN+}.
 11239 | D:9      | 11239 ||| READING 2 scrolls of brand weapon.
 11239 | D:9      | 11239 ||| BRANDING +0 broad axe.
 11240 | D:9      | 11240 ||| READING scroll of brand weapon.
 11240 | D:9      | 11240 ||| BRANDING +0 broad axe of freezing.
 11260 | D:9      | 11260 ||| INVOKING Heroism.
 11264 | D:9      | Reached **** piety under Okawaru
 11272 | D:9      | Reached skill level 3 in Throwing
 11289 | D:9      | 11289 ||| INVOKING Heroism.
 11295 | D:9      | Reached XP level 11. HP: 27/64 MP: 12/15
 11596 | D:9      | Found a staircase to the Lair.
 11598 | D:9      | 11598 ||| INVOKING Heroism.
 11744 | D:9      | Found a staircase to the Orcish Mines.
 11745 | D:9      | 11745 ||| INVOKING Heroism.
 11766 | D:9      | Received a gift from Okawaru
 11772 | D:9      | HP: 15/64 [gnoll sergeant/+0 spear (2)]
 11773 | D:9      | 11773 ||| READING 2 scrolls of teleportation.
 11774 | D:9      | 11774 ||| DRINKING potion of heal wounds.
 11788 | D:9      | 11788 ||| INVOKING Heroism.
 11986 | D:9      | 11986 ||| Stepping ~*~*~tactically~*~*~ (stealth).
 11988 | D:9      | 11988 ||| INVOKING Heroism.
 12066 | D:9      | 12066 ||| Stepping ~*~*~tactically~*~*~ (stealth).
 12134 | D:9      | 12134 ||| Stepping ~*~*~tactically~*~*~ (hiding).
 12314 | D:9      | 12314 ||| INVOKING Heroism.
 12391 | D:9      | 12391 ||| Stepping ~*~*~tactically~*~*~ (hiding).
 12392 | D:9      | 12392 ||| INVOKING Heroism.
 12394 | D:9      | 12394 ||| Stepping ~*~*~tactically~*~*~ (hiding).
 12413 | D:9      | Reached skill level 6 in Invocations
 12419 | D:9      | 12419 ||| INVOKING Heroism.
 12610 | D:9      | Found a glowing silver altar of Zin.
 12859 | D:9      | 12859 ||| PLANNING LAIR
 12859 | D:9      | 12859 ||| UPGRADING to +0 plate armour.
 12869 | D:9      | 12869 ||| DROPPING +0 chain mail.
 12945 | D:9      | 12945 ||| Stepping ~*~*~tactically~*~*~ (hiding).
 13013 | Lair:1   | Entered Level 1 of the Lair of Beasts
 13013 | Lair:1   | Noticed a catoblepas
 13014 | Lair:1   | 13014 ||| INVOKING Heroism.
 13020 | Lair:1   | HP: 16/64 [catoblepas (22)]
 13021 | Lair:1   | 13021 ||| READING scroll of teleportation.
 13022 | Lair:1   | 13022 ||| Stepping ~*~*~tactically~*~*~ (cloud).
 13029 | Lair:1   | HP: 16/64 [black mamba (1)]
 13295 | Lair:1   | 13295 ||| INVOKING Heroism.
 13298 | Lair:1   | HP: 16/64 [water moccasin (5)]
 13302 | Lair:1   | Reached skill level 6 in Armour
 13303 | Lair:1   | HP: 9/64 [poisoned by a water moccasin]
 13308 | Lair:1   | HP: 5/64 [poisoned by a water moccasin]
 13357 | Lair:1   | 13357 ||| Stepping ~*~*~tactically~*~*~ (stealth).
 13359 | Lair:1   | 13359 ||| INVOKING Heroism.
 13667 | Lair:1   | Noticed Amaemon
 13668 | Lair:1   | 13668 ||| INVOKING Heroism.
 13694 | Lair:1   | Killed Amaemon
 13835 | Lair:1   | 13835 ||| INVOKING Heroism.
 14042 | Lair:1   | 14042 ||| DROPPING +3 vorpal flail.
 14057 | Lair:1   | Noticed a death yak
 14058 | Lair:1   | 14058 ||| INVOKING Heroism.
 14065 | Lair:1   | Killed a death yak
 14077 | Lair:1   | Reached ***** piety under Okawaru
 14078 | Lair:1   | Reached skill level 13 in Axes
 14235 | Lair:1   | 14235 ||| INVOKING Heroism.
 14236 | Lair:1   | 14236 ||| Stepping ~*~*~tactically~*~*~ (stealth).
 14257 | Lair:1   | HP: 14/62 [poisoned by a cane toad]
 14262 | Lair:1   | HP: 10/64 [poisoned by a cane toad]
 14284 | Lair:1   | 14284 ||| Stepping ~*~*~tactically~*~*~ (stealth).
 14285 | Lair:1   | 14285 ||| Stepping ~*~*~tactically~*~*~ (stealth).
 14335 | Lair:1   | 14335 ||| INVOKING Heroism.
 14336 | Lair:1   | 14336 ||| INVOKING Finesse.
 14338 | Lair:1   | HP: 14/64 [catoblepas (9)]
 14343 | Lair:1   | Slain by a catoblepas

Levels and vault maps discovered:
D:1:      dpeg_arrival_houses_and_road, layout_rooms,
          shapermc_ecumenical_altar_mp_urbaneastern, minmay_tall_x
D:2:      layout_rooms, basic_altar, st_stairs_3
D:3:      layout_basic, nicolae_dithmenos_the_darkroom, lemuel_round_altar,
          kennysheep_generic_room_5
D:4:      layout_basic, mainiacjoe_overflow_concentric_impassable,
          jmf_multi_god_temple, mainiacjoe_overflow_small_starburst,
          minivault_19, grunt_decor_junction, nicolae_titane
D:5:      layout_basic, mainiacjoe_overflow_surrounded_room,
          amcnicky_mini_pool_medium, uniq_grinder, uniq_crazy_yiuf_cottage,
          uniq_edmund
D:6:      layout_loops_ring, nicolae_vehumet_radiance, minmay_temple_entry_trees
D:7:      layout_basic, mainiacjoe_overflow_tiny_flanked, demons_altar,
          hangedman_abyss_or_decor_lesser_grid
D:8:      layout_rooms, mainiacjoe_overflow_paths, cheibrodos_worm_habitat,
          enter_ossuary_3, uniq_prince_ribbit1
D:9:      layout_loops_corners, mainiacjoe_overflow_boulevard,
          marbit_many_paths, david_lair_shrubbed,
          kennysheep_orc_monster_closet_entryway, enter_bailey_4,
          onia_ninara_cookie
Temple:   nicolae_temple_ecumenical_triangle
Lair:1:   layout_cave_pods, grunt_forest_large_clearing_hut,
          infiniplex_staircase_pool, grunt_megastairs_1, uniq_amaemon

Skill      XL: |  1  2  3  4  5  6  7  8  9 10 11 |
---------------+----------------------------------+-----
Axes           | 3 4 5 6 7 9 10 12 13 | 13.0
Armour         | 2 3 4 5 6 |  6.6
Fighting       | 3 5 6 |  6.2
Throwing       | 2 3 |  3.0
Shields        | 2 6 7 8 |  8.0
Invocations    | 4 7 |  7.8
Dodging        | |  2.1
Spellcasting   | |  2.0
Translocations | |  2.4

Action                   |  1- 3 |  4- 6 |  7- 9 | 10-12 || total
-------------------------+-------+-------+-------+-------++-------
Melee: Hand axe          |    98 |    84 |       |       ||   182
       Kick              |    19 |    19 |    32 |   136 ||   206
       Peck              |    12 |    12 |    27 |    83 ||   134
       War axe           |       |    39 |   204 |    89 ||   332
       Punch             |       |       |     3 |       ||     3
       Broad axe         |       |       |       |   304 ||   304
Throw: Boomerang         |     7 |    17 |       |     5 ||    29
       Javelin           |       |       |    10 |    15 ||    25
Invok: Heroism           |       |       |     3 |    24 ||    27
       Finesse           |       |       |       |     1 ||     1
  Use: Scroll            |     2 |     5 |     8 |    12 ||    27
       Potion            |       |     3 |     2 |     3 ||     8
Armor: Leather armour    |    13 |       |       |       ||    13
       Ring mail         |    10 |    32 |       |       ||    42
       Chain mail        |       |     4 |    96 |   161 ||   261
       Plate armour      |       |       |       |    88 ||    88
Dodge: Dodged            |    37 |    48 |    56 |   126 ||   267
Block: Kite shield       |       |       |    43 |   255 ||   298

Table legend:
 A = Non-vault XP
 B = Vault XP
 C = Vault XP percentage of total XP
 D = Non-vault monster count
 E = Vault monster count
 F = Vault count percentage of total count
                 A         B        C        D         E       F
            +---------+---------+-------+---------+---------+-------
      Total |    7775 |   10423 |  57.3 |     210 |      94 |  30.9
            +---------+---------+-------+---------+---------+-------
        D:1 |      38 |       8 |  17.4 |      22 |       4 |  15.4
        D:2 |      62 |       6 |   8.8 |      21 |       2 |   8.7
        D:3 |     154 |      17 |   9.9 |      26 |       3 |  10.3
        D:4 |     330 |       5 |   1.5 |      20 |       2 |   9.1
        D:5 |     694 |     514 |  42.5 |      14 |       4 |  22.2
        D:6 |     476 |       0 |   0.0 |      16 |       0 |   0.0
        D:7 |    1130 |     119 |   9.5 |      12 |       3 |  20.0
        D:8 |    1274 |     296 |  18.9 |      40 |       4 |   9.1
        D:9 |    1437 |    5649 |  79.7 |      26 |      49 |  65.3
     Lair:1 |    2180 |    3498 |  61.6 |      13 |       7 |  35.0
    Ossuary |       0 |     311 | 100.0 |       0 |      16 | 100.0
            +---------+---------+-------+---------+---------+-------
